 Dungeon Crawl Stone Soup version 0.27.1 (webtiles) character file.

Game seed: 14561906045157361916

51 Malachi the Chopper (level 3, -9/33 HPs)
             Began as a Hill Orc Monk on Sept 1, 2021.
             Killed by nerve-wracking pain
             ... invoked by Jessica
              (14 damage)
             ... on level 2 of the Dungeon.
             The game lasted 00:01:21 (1886 turns).

Malachi the Chopper (Hill Orc Monk)                 Turns: 1886, Time: 00:01:21

Health: -9/33      AC:  3    Str: 14    XL:     3   Next: 83%
Magic:  3/3        EV: 12    Int: 10    God:
Gold:   29         SH:  0    Dex: 13    Spells: 2/2 levels left

rFire    . . .     SeeInvis .   a - +0 hand axe
rCold    . . .     Faith    .   (no shield)
rNeg     . . .     Spirit   .   f - +0 leather armour
rPois    .         Reflect  .   (no helmet)
rElec    .         Harm     .   (no cloak)
rCorr    .         Rampage  .   (no gloves)
Will     .....                  (no boots)
Stlth    ++........             (no amulet)
HPRegen  0.11/turn              (no ring)
MPRegen  0.08/turn              (no ring)

@: no status effects
A: no striking features
a: no special abilities


You were on level 2 of the Dungeon.
You visited 1 branch of the dungeon, and saw 2 of its levels.

You collected 29 gold pieces.

Inventory:

Hand Weapons
 a - a +0 hand axe (weapon)
Armour
 f - a +0 leather armour (worn)
Scrolls
 c - a scroll of vulnerability {unknown}
 e - a scroll of brand weapon {unknown}
Potions
 b - a potion of might {unknown}
 d - a potion of degeneration {unknown}


   Skills:
 + Level 4.2 Fighting
 + Level 4.7 Axes
 + Level 0.3 Armour
 + Level 2.9 Dodging
 + Level 1.8 Stealth


You had 2 spell levels left.
You didn't know any spells.
Your spell library contained the following spells:

 Spells                   Type           Power      Damage    Failure   Level
 Apportation              Tloc           0%         N/A       43%         1
 Alistair's Intoxication  Tmut/Pois      0%         N/A       100%        5
 Invisibility             Hex            0%         N/A       100%        6


Dungeon Overview and Level Annotations

Branches:
Dungeon (2/15)

Altars:

Annotations:
D:2 1 runed translucent door, Crazy Yiuf, Jessica, Sigmund


Message History

Found a mace.
Found a runed translucent door.
Found a scroll labelled JENEPTAHOU.
Sigmund the Dreaded comes into view.
He is wielding a +0 scythe.
Sigmund is nearby!
Sigmund is nearby!
Okay, then.
Unknown command.
Found a bubbling coppery potion.
b - a bubbling coppery potion Jessica the Apprentice Sorceress comes into view.
She is wielding a +0 dagger and wearing a +2 robe of positive energy.
Jessica shouts!
Jessica is nearby!
Jessica is nearby!
Jessica hits you with a +0 dagger.
You hit Jessica.
Jessica is moderately wounded.
Jessica hits you with a +0 dagger!
You closely miss Jessica.
Jessica is moderately wounded.
Jessica closely misses you.
You hit Jessica.
Jessica is heavily wounded.
Jessica hits you with a +0 dagger!
You are too injured to fight recklessly!
You are too injured to fight recklessly!
You are too injured to fight recklessly!
You are too injured to fight recklessly!
You barely miss Jessica.
Jessica is heavily wounded.
Jessica closely misses you.
You barely miss Jessica.
Jessica is heavily wounded.
Jessica gestures at you while chanting. Pain shoots through your body!
* * * LOW HITPOINT WARNING * * *
You closely miss Jessica.
Jessica is heavily wounded.
Jessica points at you and mumbles some strange words.
Pain shoots through your body!
You die...

♣♣PP.♣.♣♣................###
♣.♣.PP.♣..♣..........P...# #
♣♣.♣♣.P.♣♣...P.........♣.# #
♣P.♣.♣..♣.......P..P.P♣.....
♣.♣♣♣♣.♣P.♣PP.P..PP.P.......
♣## ♣♣♣♣♣♣♣.P.PPP..###.....
♣♣......### #.....
...#♣♣♣.....#.... .....?
.......@......... ......
.......@......... .....
.................
...#.........#..
.............#..
######.......# #.###...# #.
...#


You could see Jessica.

Vanquished Creatures
  2 adders (D:2)
  2 dart slugs (D:2)
  A ball python (D:1)
  3 endoplasms
  2 giant cockroaches (D:1)
  2 goblins (D:1)
  3 hobgoblins (D:1)
  2 jackals (D:1)
  2 quokkas
  3 bats
  2 frilled lizards
  2 kobolds
  A rat (D:1)
27 creatures vanquished.

Vanquished Creatures (others)
  2 plants (D:2)
2 creatures vanquished.

Grand Total: 29 creatures vanquished

Notes
Turn   | Place    | Note
-------+----------+-------------------------------------------
     0 | D:1      | Malachi the Hill Orc Monk began the quest for the Orb.
     0 | D:1      | Reached XP level 1. HP: 19/19 MP: 1/1
   464 | D:1      | Reached XP level 2. HP: 26/27 MP: 2/2
  1148 | D:2      | Reached XP level 3. HP: 29/33 MP: 3/3
  1791 | D:2      | Found a runed translucent door.
  1792 | D:2      | Noticed Crazy Yiuf
  1817 | D:2      | Noticed Sigmund
  1877 | D:2      | Noticed Jessica
  1886 | D:2      | Killed from afar by Jessica

Illustrated notes

Levels and vault maps discovered:
D:1:      amcnicky_arrival_abandoned_market, layout_basic
D:2:      wad_woods_pond, layout_basic, uniq_sigmund, uniq_jessica,
          uniq_crazy_yiuf_cottage

Skill      XL: |  1  2 |
---------------+-------+-----
Fighting       | 4 |  4.2
Axes           | |  4.7
Armour         | |  0.3
Dodging        | |  2.9
Stealth        | |  1.8

Action                   || total
-------------------------++-------
Melee: Hand axe          ||   107
 Stab: Sleeping          ||     1
Armor: Robe              ||    15
       Leather armour    ||    14
Dodge: Dodged            ||    78
